 Dungeon Crawl Stone Soup version 0.28-a0-1038-g9c4cb8273d (webtiles) character file.

Game seed: 16547298744900119660

2388 ytrimaz the Insei (level 9, -6/51 (73) HPs)
             Began as an Octopode Transmuter on Dec 8, 2021.
             Was an Initiate of Ashenzari.
             Mangled by an orc priest (7 damage)
             ... on level 7 of the Dungeon.
             The game lasted 00:10:26 (5432 turns).

ytrimaz the Insei (Octopode Transmuter)             Turns: 5432, Time: 00:10:27

HP:   -6/51 (73)    AC:  6    Str:  9    XL:     9   Next: 46%
MP:   25/25         EV: 11    Int: 19    God:    Ashenzari [......]
Gold: 295           SH:  0    Dex: 13    Spells: 10/18 levels left

rFire   x . .      SeeInvis .     - Unarmed
rCold   + + +      Faith    .   (shield currently unavailable)
rNeg    . . .      Spirit   .   (helmet currently unavailable)
rPois   +          Reflect  .   c - amulet "Lad Hee" {Acrobat Rampage +Inv Regen+}
rElec   .          Harm     .   k - ring of magical power
rCorr   .          Rampage  +   q - +4 ring of slaying
Will    .....                   (no ring)
Stlth   +.........              (no ring)
HPRegen 0.97/turn               (no ring)
MPRegen 0.19/turn               (no ring)
                                (no ring)
                                (no ring)

@: ice-form, marked, very heavily drained, invisible
A: freezing attack, boosted hp, almost no armour, amphibious, 8 rings, large,
(camouflage 1), (gelatinous body 1), (nimble swimmer 1), (tentacles)
a: End Transformation, Renounce Religion, Evoke Invisibility


You were on level 7 of the Dungeon.
You worshipped Ashenzari.
Ashenzari was noncommittal.
You were a creature of crystalline ice.
You visited 2 branches of the dungeon, and saw 8 of its levels.
You also visited: Sewer.

You collected 295 gold pieces.

Inventory:

Jewellery
 c - the amulet "Lad Hee" (around neck) {Acrobat Rampage +Inv Regen+}
   (You acquired it on level 1 of the Dungeon)

   [amulet of the acrobat]

   It increases your evasion while moving and waiting.
   +Inv:      It lets you turn invisible.
   Regen:     It increases your rate of health regeneration.
   Rampage:   It bestows one free step when moving towards enemies.
 k - a ring of magical power (left front paw)
 l - an amulet of magic regeneration
 q - a +4 ring of slaying (right front paw)
Wands
 f - a wand of mindburst (20)
 m - a wand of flame (28)
Scrolls
 g - 2 scrolls of vulnerability
 o - a scroll of acquirement
 u - a scroll of enchant weapon
Potions
 a - a potion of ambrosia
 b - 3 potions of flight
 d - 2 potions of attraction {unknown}
 e - 2 potions of mutation
 h - a potion of magic
 i - a potion of invisibility
 j - a potion of lignification {unknown}
 p - a potion of might {unknown}
 s - a potion of haste {unknown}


   Skills:
 * Level 5.1 Fighting
 + Level 4.4 Dodging
 + Level 7.9 Unarmed Combat
 * Level 5.2 Spellcasting
 * Level 5.5 Transmutations
 + Level 0.7 Ice Magic


You had 10 spell levels left.
You knew the following spells:

 Your Spells              Type           Power      Damage    Failure   Level
a - Beastly Appendage     Tmut           52%        N/A       1%          1
b - Spider Form           Tmut/Pois      15%        N/A       12%         3
c - Ice Form              Ice/Tmut       16%        N/A       32%         4

Your spell library contained the following spells:

 Spells                   Type           Power      Damage    Failure   Level
 Wereblood                Tmut           26%        N/A       1%          2
 Animate Skeleton         Necr           8%         N/A       12%         1
 Apportation              Tloc           8%         N/A       12%         1
 Summon Small Mammal      Summ           16%        N/A       12%         1
 Blink                    Tloc           8%         N/A       19%         2
 Gell's Gravitas          Tloc           4%         N/A       36%         3
 Lesser Beckoning         Tloc           4%         N/A       36%         3
 Teleport Other           Tloc           4%         N/A       36%         3
 Manifold Assault         Tloc           4%         N/A       98%         5
 Dispersal                Tloc           2%         N/A       100%        6


Dungeon Overview and Level Annotations

Branches:
Dungeon (7/15)             Temple (1/1) D:7           Sewer (visited)

Altars:
Ashenzari
Cheibriados
Dithmenos
Elyvilon
Fedhas
Gozag
Hepliaklqana
Kikubaaqudgha
Makhleb
Nemelex Xobeh
Sif Muna
Trog
Vehumet
Wu Jian
Xom
Yredelemnul
Zin

Shops:
D:4 *   D:5 *


Innate Abilities, Weirdness & Mutations

You are a creature of crystalline ice.
You have a powerful freezing melee attack.
Your maximum health is increased.
Your armour is entirely melded.
You are incapable of wielding weapons or throwing items.
You cannot wear most types of armour.
You are amphibious.
You can wear up to eight rings at the same time.
((Your skin changes colour to match your surroundings (Stealth+).))
((Your rubbery body absorbs attacks. (AC +1, EV +1)))
((You are camouflaged near water. (Stealth+)))
((You have tentacles for arms and can constrict up to eight enemies at once.))


Message History

The orc priest barely misses you. The wight closely misses you.
An ice beast comes into view.
The kobold hits you but does no damage.
An orc comes into view. It is wielding a +0 spear.
The hobgoblin hits you from afar with a +0 spear.
* * * LOW HITPOINT WARNING * * *
Unknown command.
You hit the kobold. You freeze the kobold.
You kill the kobold!
The wight hits you with a +4 scimitar of protection.
* * * LOW HITPOINT WARNING * * *
You feel drained.
* * * LOW HITPOINT WARNING * * *
The wight barely misses you.
Unknown command.
You feel much better.
The hobgoblin hits you from afar with a +0 spear.
The kobold brigand hits you with a +0 dagger.
The wight hits you with a +4 scimitar of protection.
The wight hits you with a +5 morningstar!
* * * LOW HITPOINT WARNING * * *
The wight barely misses you.
The orc priest hits you with a +1 war axe of flaming.
* * * LOW HITPOINT WARNING * * *
The orc priest melts you.
* * * LOW HITPOINT WARNING * * *
Unknown command.
Unknown command.
Okay, then.
You fade into invisibility!
The hobgoblin hits you from afar with a +0 spear.
* * * LOW HITPOINT WARNING * * *
The kobold brigand hits you but does no damage.
The wight hits you with a +4 scimitar of protection.
* * * LOW HITPOINT WARNING * * *
You feel drained.
* * * LOW HITPOINT WARNING * * *
The wight barely misses you.
The orc priest hits you with a +1 war axe of flaming!
You die...

...
########.....#
#zzYog§......#
#KzzKgg......#
#oFoKK.......#
#§§§.§o......###
#zo..Y..$.......
+.oo§...o.......
#.$.......#
+......Y#.#
#......<#o#


You could see an ice beast, a kobold brigand, a bullfrog, 4 wights, an orc
priest, 4 orcs, a hobgoblin, 2 goblins and 3 kobolds.

Vanquished Creatures
  Duvessa (D:5)
  Pargi (Sewer)
  An ice beast (D:6)
  3 sky beasts
  3 ogres
  2 centaurs
  A bullfrog (D:6)
  3 scorpions
  Dowan (D:5)
  A water moccasin skeleton (D:5)
  4 wights (D:6)
  A bullfrog zombie (D:5)
  A centaur zombie (D:6)
  6 hounds
  A centaur skeleton (D:5)
  2 bullfrog skeletons
  5 orc priests
  Jessica (D:2)
  Natasha (thrice) (D:3)
  4 iguanas
  2 orc wizards (D:4)
  4 gnolls (D:5)
  4 adders
  A white imp (D:5)
  2 ufetubi
  2 worms
  2 dart slugs
  13 orcs
  5 ball pythons
  8 endoplasms
  5 giant cockroaches
  5 hobgoblins
  3 jackals (D:5)
  3 quokkas
  5 bats
  6 frilled lizards
  6 goblins
  15 kobolds
  5 rats
141 creatures vanquished.

Notes
Turn   | Place    | Note
-------+----------+-------------------------------------------
     0 | D:1      | ytrimaz the Octopode Transmuter began the quest for the
                  | Orb.
     0 | D:1      | Reached XP level 1. HP: 13/13 MP: 3/3
   387 | D:1      | Reached XP level 2. HP: 18/18 MP: 5/5
   519 | D:1      | Found a faded altar of an unknown god.
   679 | D:1      | Identified a scroll of acquirement
   679 | D:1      | Acquired the amulet "Lad Hee" {Acrobat Rampage +Inv Regen+}
   963 | D:2      | Noticed Jessica
   975 | D:2      | Killed Jessica
   976 | D:2      | Reached XP level 3. HP: 23/23 MP: 4/6
   980 | D:2      | Learned a level 3 spell: Spider Form
  1119 | D:2      | Reached XP level 4. HP: 25/28 MP: 5/7
  1351 | D:2      | Reached skill level 4 in Unarmed Combat
  1485 | D:3      | Noticed Natasha
  1634 | D:3      | Found a glowing drain.
  1638 | Sewer    | Entered a sewer
  1738 | Sewer    | Noticed Pargi
  1746 | Sewer    | Killed Pargi
  1747 | Sewer    | Reached XP level 5. HP: 16/34 MP: 5/9
  2022 | D:3      | Killed Natasha
  2023 | D:3      | Reached XP level 6. HP: 34/41 MP: 10/10
  2132 | D:3      | Noticed Natasha
  2139 | D:3      | Killed Natasha
  2241 | D:3      | Noticed Natasha
  2244 | D:3      | Killed Natasha
  2423 | D:4      | Found Pavueres's General Store.
  2603 | D:4      | Reached skill level 5 in Unarmed Combat
  2603 | D:4      | Reached XP level 7. HP: 26/46 MP: 12/12
  3371 | D:5      | Entered Level 5 of the Dungeon
  3465 | D:5      | Found Fykhlem's Assorted Antiques.
  3530 | D:5      | Reached XP level 8. HP: 32/52 MP: 13/13
  3538 | D:5      | Reached skill level 6 in Unarmed Combat
  3610 | D:5      | Noticed Dowan
  3614 | D:5      | Noticed Duvessa
  3632 | D:5      | Killed Dowan
  3634 | D:5      | Killed Duvessa
  3712 | D:5      | Learned a level 4 spell: Ice Form
  4156 | D:6      | Reached skill level 7 in Unarmed Combat
  4244 | D:6      | Reached skill level 5 in Transmutations
  4246 | D:6      | Reached XP level 9. HP: 59/59 MP: 14/16
  4589 | D:6      | Found an ancient bone altar of Kikubaaqudgha.
  4598 | D:6      | Reached skill level 5 in Spellcasting
  4959 | D:6      | Reached skill level 5 in Fighting
  5224 | D:7      | Found a staircase to the Ecumenical Temple.
  5233 | Temple   | Entered the Ecumenical Temple
  5348 | Temple   | Became a worshipper of Ashenzari the Shackled
  5432 | D:7      | HP: 2/54 [wight (5)]
  5432 | D:7      | Mangled by an orc priest

Illustrated notes

Levels and vault maps discovered:
D:1:      sevenhm_arrival_forest_fort_large_4, layout_basic,
          hellmonk_ecumenical_altar_blasted
D:2:      layout_basic, minmay_3d_cube, uniq_jessica
D:3:      layout_rooms, gup_sewer_entry_bowl, uniq_natasha
D:4:      layout_gridville, serial_shops, nicolae_shop_hallway_stairs
D:5:      layout_cave_pools, serial_shops, nicolae_shop_advertising_works
          [nicolae_subvault_shop_adworks], minmay_misc_feat_square, uniq_duvessa
D:6:      layout_cave_pods, nicolae_overflow_crystal_walls
D:7:      layout_basic, minmay_temple_entry_statues_fountains, enter_bailey_4,
          lemuel_flame_loot_1
Temple:   mainiacjoe_temple_archimedes_tessellation

Skill      XL: |  1  2  3  4  5  6  7  8  9 |
---------------+----------------------------+-----
Unarmed Combat | 4 5 7 |  7.9
Fighting       | 2 3 4 5 |  5.1
Spellcasting   | 3 4 5 |  5.2
Transmutations | 3 4 5 |  5.5
Dodging        | 3 4 |  4.4
Ice Magic      | |  0.7

Action                   |  1- 3 |  4- 6 |  7- 9 || total
-------------------------+-------+-------+-------++-------
Melee: Unarmed           |    58 |   131 |   257 ||   446
       Constrict         |    13 |    29 |    16 ||    58
       Tentacles         |    10 |    17 |    10 ||    37
       Kick              |     4 |    19 |     2 ||    25
       Punch             |       |     3 |     1 ||     4
 Cast: Beastly Appendage |     6 |    13 |     3 ||    22
       Spider Form       |       |     3 |    23 ||    26
       Ice Form          |       |       |     3 ||     3
  Use: Scroll            |     3 |     5 |    11 ||    19
       Potion            |       |       |     4 ||     4
 Stab: Sleeping          |     5 |     7 |     3 ||    15
Armor: Skin              |     2 |     5 |    15 ||    22
Dodge: Dodged            |    30 |    85 |   235 ||   350

Table legend: (Time is in decaauts)
 A = Elapsed time spent in this place.
 B = Non-inter-level travel time spent in this place.
 C = Inter-level travel time spent in this place.
 D = Time resting spent in this place.
 E = Time spent auto-exploring this place.
 F = Levels seen in this place.
 G = Mean time per level.
                   A        B        C        D        E       F      G
               +--------+--------+--------+--------+--------+-----+--------+
         Total |   5393 |   5140 |    253 |     43 |   3638 |   9 |  599.2 |
       Dungeon |   5046 |   4826 |    220 |     43 |   3486 |   7 |  720.9 |
        Temple |    167 |    134 |     33 |      0 |     91 |   1 |  167.0 |
         Sewer |    179 |    179 |      0 |      0 |     61 |   1 |  179.0 |
               +--------+--------+--------+--------+--------+-----+--------+

Top non-repeatable levels by time:
     D:4: 1106 daAuts
     D:6: 1078 daAuts
     D:1: 954 daAuts
     D:5: 750 daAuts
     D:2: 565 daAuts
     D:3: 551 daAuts
   Sewer: 179 daAuts
  Temple: 167 daAuts
     D:7: 39 daAuts
